 Dungeon Crawl Stone Soup version 0.30-a0-591-g3c58d2bc28 (webtiles) character file.

Game seed: 7910077674417652530

95 Oxelix the Sneak (level 4, -7/22 HPs)
             Began as a Spriggan Brigand on Jan 6, 2023.
             Killed by divine providence
             ... invoked by an orc priest
              (13 damage)
             ... on level 2 of the Dungeon.
             The game lasted 00:03:55 (2124 turns).

Oxelix the Sneak (Spriggan Brigand)                 Turns: 2124, Time: 00:03:56

Health: -7/22      AC:  3    Str:  7    XL:     4   Next: 40%
Magic:  5/5        EV: 16    Int: 12    God:
Gold:   205        SH:  0    Dex: 18    Spells: 3/3 levels left

rFire   . . .      SeeInvis +    a - +2 dagger
rCold   . . .      Faith    .    (no shield)
rNeg    . . .      Spirit   .    b - +0 robe
rPois   .          Reflect  .    (helmet restricted)
rElec   .          Harm     .    c - +0 cloak
rCorr   .          Rampage  .    (gloves unavailable)
Will    .....                    (boots unavailable)
Stlth   ++++                     (no amulet)
HPRegen 0.23/turn                (no ring)
MPRegen 0.09/turn                (no ring)

@: very quick
A: very small, no large weapons, unfitting armour, see invisible, speed 3
a: no special abilities


You were on level 2 of the Dungeon.
You visited 1 branch of the dungeon, and saw 3 of its levels.

You collected 205 gold pieces.

Inventory:

Hand Weapons
 a - a +2 dagger (weapon)
 o - a +0 sling
Missiles
 d - 9 poisoned darts (quivered)
 e - 9 curare-tipped darts
Armour
 b - a +0 robe (worn)
 c - a +0 cloak (worn)
Scrolls
 g - a scroll of noise {unknown}
 h - a scroll of vulnerability {unknown}
 i - a scroll of magic mapping {unknown}
 j - a scroll of teleportation {unknown}
 k - a scroll of enchant armour {unknown}
 p - a scroll of torment {unknown}
 q - a scroll of identify {unknown}
 r - a scroll of fog {unknown}
Potions
 f - 2 potions of lignification {unknown}
 l - a potion of degeneration {unknown}
 m - 4 potions of curing {unknown}
 n - a potion of berserk rage {unknown}
 s - a potion of brilliance {unknown}
 t - a potion of ambrosia {unknown}


   Skills:
 - Level 1.5 Fighting
 + Level 3.1 Short Blades
 + Level 2.9 Throwing
 - Level 1.3 Dodging
 * Level 7.6 Stealth


You had 3 spell levels left.
You didn't know any spells.
Your spell library contained the following spells:

 Spells                   Type           Power      Damage    Failure   Level
 Necrotise                Necr           0%         1d4       32%         1
 Vampiric Draining        Necr           0%         2d6       69%         3
 Olgreb's Toxic Radiance  Pois           0%         N/A       97%         4
 Agony                    Necr           0%         N/A       100%        5
 Ozocubu's Refrigeration  Ice            0%         4d7       100%        7
 Ignition                 Fire           0%         3d3       100%        8


Dungeon Overview and Level Annotations

Branches:
Dungeon (3/15)

Altars:
Qazlal


Innate Abilities, Weirdness & Mutations

You are very small and have problems with some larger weapons.
You are too small for most types of armour.
You have supernaturally acute eyesight. (SInv)
You cover ground extremely quickly. (Speed+++)


Message History

The orc priest is heavily wounded.
The orc priest closely misses you.
You hit the orc priest but do no damage.
The orc priest is heavily wounded.
You hit the orc priest but do no damage.
The orc priest is heavily wounded.
The orc priest barely misses you.
You hit the orc priest.
The orc priest is severely wounded.
The orc priest hits you with a +0 dagger.
You hit the orc priest but do no damage.
The orc priest is severely wounded.
The orc priest hits you with a +0 dagger.
* * * LOW HITPOINT WARNING * * *
You barely miss the orc priest.
The orc priest is severely wounded.
The orc priest barely misses you.
You barely miss the orc priest.
The orc priest is severely wounded.
The orc priest closely misses you.
You hit the orc priest.
The orc priest is severely wounded.
The orc priest misses you.
You closely miss the orc priest.
The orc priest is severely wounded.
You completely miss the orc priest.
The orc priest is severely wounded.
The orc priest closely misses you.
You barely miss the orc priest.
The orc priest is severely wounded.
The orc priest misses you.
You hit the orc priest.
The orc priest is almost dead.
The orc priest misses you.
You hit the orc priest but do no damage.
The orc priest is almost dead.
The orc priest invokes the aid of Beogh against you.
Beogh smites you!
Ouch! That really hurt!
You die...

####################
#...............@..#
#.##########...>o..#
......#............#
#.###..............#
#.#####.####.......##
........# #........#
#.####### #........####
#.##########...........#
#<............###.#.##.#


You could see an orc priest.

Vanquished Creatures
  An orc wizard (D:2)
  3 adders
  2 worms (D:2)
  A dart slug (D:2)
  An orc (D:2)
  A bat (D:2)
  An endoplasm (D:1)
  2 giant cockroaches
  3 goblins (D:2)
  3 hobgoblins
  10 ball pythons
  2 frilled lizards
  5 kobolds
  A rat (D:3)
36 creatures vanquished.

Notes
Turn   | Place    | Note
-------+----------+-------------------------------------------
     0 | D:1      | Oxelix the Spriggan Brigand began the quest for the Orb.
     0 | D:1      | Reached XP level 1. HP: 10/10 MP: 2/2
   367 | D:1      | Reached skill level 6 in Stealth
   785 | D:2      | Reached XP level 2. HP: 14/14 MP: 3/3
   846 | D:2      | Found a stormy altar of Qazlal.
  1077 | D:2      | Reached XP level 3. HP: 18/18 MP: 4/4
  1730 | D:3      | Reached skill level 7 in Stealth
  1909 | D:2      | Reached XP level 4. HP: 22/22 MP: 5/5
  2124 | D:2      | Killed from afar by an orc priest

Illustrated notes

Levels and vault maps discovered:
D:1:      eino_arrival_cavern_d, layout_basic, dk_noncrumbling_4,
          minmay_parallelograms
D:2:      layout_loops_ring, basic_altar, chequers_mini_garden
D:3:      layout_rooms, lemuel_tele_altar,
          dreamdust_ecumenical_altar_angels_and_demons, lexackson_kobold_supper

Skill      XL: |  1  2  3 |
---------------+----------+-----
Stealth        | 6 7 |  7.6
Short Blades   | 3 |  3.1
Fighting       | |  1.5
Throwing       | |  2.9
Dodging        | |  1.3

Action                   |  1- 3 |  4- 6 || total
-------------------------+-------+-------++-------
Melee: Dagger            |    70 |    39 ||   109
 Fire: Sling             |    42 |     7 ||    49
 Stab: Sleeping          |     9 |       ||     9
Armor: Robe              |     8 |     2 ||    10
Dodge: Dodged            |    64 |    23 ||    87

Table legend: (Time is in decaauts)
 A = Elapsed time spent in this place.
 B = Non-inter-level travel time spent in this place.
 C = Inter-level travel time spent in this place.
 D = Time resting spent in this place.
 E = Time spent auto-exploring this place.
 F = Levels seen in this place.
 G = Mean time per level.
                   A        B        C        D        E       F      G
               +--------+--------+--------+--------+--------+-----+--------+
         Total |   1473 |   1356 |    117 |    206 |    709 |   3 |  491.0 |
       Dungeon |   1473 |   1356 |    117 |    206 |    709 |   3 |  491.0 |
               +--------+--------+--------+--------+--------+-----+--------+

Top non-repeatable levels by time:
     D:2: 806 daAuts
     D:1: 491 daAuts
     D:3: 175 daAuts
